[Event "Chessable Masters - Torneo preliminare"]
[White "Sankalp, Gupta"]
[Black "Tan, Zhongyi"]
[WhiteFideId "5097010"]
[BlackFideId "8603642"]
[WhiteElo "2427"]
[BlackElo "2517"]
[Result "0-1"]
[Round "5"]
[TimeControl "600+2"]
[Date "2023.03.13"]
[WhiteClock "0:00:03"]
[BlackClock "0:01:02"]

1. d4 d5 2. Bf4 Nf6 3. e3 Bg4 4. Qd3 a6 5. c4 e6 6. cxd5 Bb4+ 7. Nd2 exd5 8. a3 Bd6 9. Bxd6 Qxd6 10. Ngf3 Nbd7 11. Be2 O-O 12. O-O Rfe8 13. b4 b5 14. Nb3 Bxf3 15. Bxf3 Nb6 16. Nc5 Nc4 17. a4 c6 18. Ra2 Nd7 19. Rfa1 bxa4 20. Qc3 a5 21. Rxa4 Ndb6 22. R4a2 axb4 23. Rxa8 Rxa8 24. Rxa8+ Nxa8 25. Qxb4 Nab6 26. Be2 g6 27. g3 Kg7 28. Qb3 Qe7 29. Kg2 Qa7 30. Nd3 Qa1 31. Nb4 Qe1 32. Bd3 Qd2 33. Kg1 Nb2 34. Bc2 N6c4 35. Kf1 Qc1+ 36. Ke2 Nd2 37. Qa2 Nbc4 38. Bd1 Ne4 39. Bb3 0-1


[Site "Internet"]

[Event "Chessable Masters - Torneo preliminare"]
[White "Vallejo Pons, Francisco"]
[Black "Salgado Lopez, Ivan"]
[WhiteFideId "2205530"]
[BlackFideId "2257327"]
[WhiteElo "2662"]
[BlackElo "2554"]
[Result "1-0"]
[Round "5"]
[TimeControl "600+2"]
[Date "2023.03.13"]
[WhiteClock "0:00:14"]
[BlackClock "0:00:09"]

1. e4 e5 2. Nf3 Nc6 3. Nc3 Nf6 4. h3 Bb4 5. a3 Ba5 6. b4 Bb6 7. Bc4 d6 8. d3 a6 9. Bg5 Be6 10. Nd5 Bxd5 11. Bxd5 h6 12. Bxf6 Qxf6 13. Bxc6+ bxc6 14. c4 O-O 15. O-O a5 16. Qc2 Qe7 17. Rfc1 axb4 18. axb4 Bd4 19. Nxd4 exd4 20. c5 Rxa1 21. Rxa1 Rb8 22. Qc4 dxc5 23. bxc5 Rb5 24. Qxd4 Rxc5 25. g3 Qd6 26. Ra8+ Kh7 27. Rd8 Rc1+ 28. Kg2 Qe6 29. Qd7 Qf6 30. Qc8 g6 31. Qxc7 Rc2 32. Qb6 Rb2 33. Qd4 Qxd4 34. Rxd4 c5 35. Rd7 Kg7 36. Kf3 Rc2 37. Rc7 Rc3 38. Ke3 g5 39. Kd2 Ra3 40. Rxc5 Ra1 41. h4 gxh4 42. gxh4 Rh1 43. h5 Rh3 44. Ke2 1-0


[Site "Internet"]

[Event "Chessable Masters - Torneo preliminare"]
[White "Mamedov, Rauf"]
[Black "Makhnev, Denis"]
[WhiteFideId "13401653"]
[BlackFideId "13707647"]
[WhiteElo "2632"]
[BlackElo "2505"]
[Result "1-0"]
[Round "5"]
[TimeControl "600+2"]
[Date "2023.03.13"]
[WhiteClock "0:03:57"]
[BlackClock "0:00:04"]

1. e4 e5 2. Nf3 Nc6 3. Bb5 a6 4. Ba4 Nf6 5. Nc3 Be7 6. O-O b5 7. Bb3 d6 8. a4 b4 9. Nd5 O-O 10. d4 Bg4 11. Nxe5 Nxe5 12. f3 Nxd5 13. fxg4 Nf6 14. dxe5 dxe5 15. Qf3 Bc5+ 16. Kh1 Qd4 17. Re1 Qd7 18. h3 Ne8 19. Bg5 Nd6 20. Rad1 Rab8 21. Qd3 Qc6 22. Qf3 Bd4 23. Be7 Bxb2 24. g5 Bd4 25. h4 Qc3 26. Bxf8 Rxf8 27. Rf1 a5 28. h5 Qc6 29. g6 Qxe4 30. Qh3 hxg6 31. Rde1 Qc6 32. hxg6 Nc4 33. Qh7# 1-0


[Site "Internet"]

[Event "Chessable Masters - Torneo preliminare"]
[White "Sasikiran, Krishnan"]
[Black "Pranav, V"]
[WhiteFideId "5004985"]
[BlackFideId "25060783"]
[WhiteElo "2559"]
[BlackElo "2462"]
[Result "1-0"]
[Round "5"]
[TimeControl "600+2"]
[Date "2023.03.13"]
[WhiteClock "0:00:24"]
[BlackClock "0:00:21"]

1. e4 e5 2. Nf3 Nc6 3. Bb5 a6 4. Ba4 Nf6 5. O-O b5 6. Bb3 Bb7 7. Re1 Bc5 8. c3 d6 9. d4 Bb6 10. a4 O-O 11. Bg5 h6 12. Bh4 Re8 13. d5 Nb8 14. axb5 axb5 15. Rxa8 Bxa8 16. Na3 Nbd7 17. Nxb5 g5 18. Bg3 Nf8 19. Na3 Ng6 20. Nc4 Bb7 21. Nxb6 cxb6 22. Nd2 Bc8 23. f3 h5 24. Bf2 Nf4 25. Bc4 Kh7 26. Qb3 Nd7 27. Bf1 Nc5 28. Qc2 g4 29. b4 Nb7 30. fxg4 Bxg4 31. Nc4 b5 32. Ne3 Bd7 33. g3 Rg8 34. Kh1 Nh3 35. Nf5 Nxf2+ 36. Qxf2 Qf6 37. Bh3 Ra8 38. Rf1 Nd8 39. Qe3 Ra2 40. Kg1 Rb2 41. Nh4 Qh6 42. Qxh6+ Kxh6 43. Bxd7 Rc2 44. Nf5+ Kg6 45. Nxd6 Rxc3 46. Bxb5 Rb3 47. Nxf7 Nxf7 48. Be8 1-0


[Site "Internet"]

[Event "Chessable Masters - Torneo preliminare"]
[White "Maghsoodloo, Parham"]
[Black "Christiansen, Johan-Sebastian"]
[WhiteFideId "12539929"]
[BlackFideId "1512668"]
[WhiteElo "2660"]
[BlackElo "2481"]
[Result "0-1"]
[Round "5"]
[TimeControl "600+2"]
[Date "2023.03.13"]
[WhiteClock "0:04:57"]
[BlackClock "0:03:35"]

1. e4 e5 2. Nf3 Nc6 3. Bb5 f5 4. d3 Nf6 5. O-O fxe4 6. dxe4 Bc5 7. Bg5 d6 8. Nc3 O-O 9. Nd5 Kh8 10. c3 a6 11. Bc4 Be6 12. b4 Ba7 13. Bb3 Qd7 14. Bxf6 gxf6 15. Nh4 Qg7 16. Ne3 Bxb3 17. axb3 Bxe3 18. fxe3 Qg5 19. Nf5 Rg8 20. Rf2 Rae8 21. Qf3 Nd8 22. Raf1 Ne6 23. Ng3 Rg6 24. Qe2 Reg8 25. Rf5 Qh6 26. Rh5 Qg7 27. Rf2 Ng5 28. Rh4 Qf7 29. c4 b5 30. Qf1 bxc4 31. bxc4 Qe6 32. Kh1 Rb8 33. b5 a5 34. h3 a4 35. Nh5 a3 36. Nxf6 a2 37. Nd5 c6 38. Nc3 cxb5 39. cxb5 Ra8 40. Qa1 Qc4 41. Nxa2 Nxe4 42. Kh2 Rag8 43. Rb2 Rxg2+ 44. Rxg2 Rxg2+ 45. Kxg2 Qe2+ 46. Kh1 Qf3+ 0-1


[Site "Internet"]

[Event "Chessable Masters - Torneo preliminare"]
[White "Xu, Yi"]
[Black "Predke, Alexandr"]
[WhiteFideId "8605564"]
[BlackFideId "24107581"]
[WhiteElo "2402"]
[BlackElo "2582"]
[Result "0-1"]
[Round "5"]
[TimeControl "600+2"]
[Date "2023.03.13"]
[WhiteClock "0:00:07"]
[BlackClock "0:01:18"]

1. e4 c5 2. Nf3 e6 3. d4 cxd4 4. Nxd4 Nc6 5. Nc3 Qc7 6. Be3 a6 7. g4 h6 8. Qd2 Nf6 9. f3 Ne5 10. O-O-O Bb4 11. a3 Bxc3 12. Qxc3 Qxc3 13. bxc3 b5 14. Bf4 Ng6 15. Bd6 Bb7 16. c4 bxc4 17. Bxc4 Rc8 18. Bb3 Ne7 19. Rhe1 Nc6 20. Nxc6 Bxc6 21. Rd4 Kd8 22. Red1 Ne8 23. Bb4 Nc7 24. c4 Ra8 25. Ba5 Kc8 26. a4 Rb8 27. Bc2 e5 28. Rd6 Ne6 29. Bc3 f6 30. Kd2 h5 31. g5 Nxg5 32. Ke3 Ne6 33. h4 Nc5 34. Rg1 Rh7 35. f4 Bxa4 36. Rd5 exf4+ 37. Kd2 Nb3+ 38. Bxb3 Rxb3 39. e5 Bc6 40. Ra5 f3 41. exf6 gxf6 42. Rxa6 Re7 43. Kc2 Rb8 44. Rg8+ Kb7 45. Rxb8+ Kxb8 46. Bd4 Re4 47. Ba7+ Kb7 48. Ra1 f2 0-1


[Site "Internet"]

[Event "Chessable Masters - Torneo preliminare"]
[White "Matinian, Nikita"]
[Black "Lenderman, Aleksandr"]
[WhiteFideId "24129100"]
[BlackFideId "2021285"]
[WhiteElo "2326"]
[BlackElo "2646"]
[Result "1-0"]
[Round "5"]
[TimeControl "600+2"]
[Date "2023.03.13"]
[WhiteClock "0:04:07"]
[BlackClock "0:00:45"]

1. e4 e5 2. Nf3 Nf6 3. d4 Nxe4 4. Bd3 d5 5. Nxe5 Nd7 6. Nxd7 Bxd7 7. Nc3 Nf6 8. O-O Be7 9. Bg5 c6 10. Bxf6 Bxf6 11. Re1+ Be6 12. Ne2 O-O 13. Nf4 Bd7 14. c3 g6 15. g3 Re8 16. Qf3 Bg7 17. h4 Qf6 18. Re3 Rxe3 19. fxe3 Re8 20. Rf1 Qe7 21. Re1 Qd6 22. e4 dxe4 23. Rxe4 Rxe4 24. Qxe4 h5 25. Bc4 Kf8 26. b4 Bf5 27. Qe3 Bf6 28. a4 b6 29. Kf2 Bc2 30. a5 bxa5 31. bxa5 Bf5 32. a6 Bd8 33. Nd3 Bxd3 34. Qxd3 Bb6 35. Kg2 Bc7 36. Qf3 f5 37. Be2 Kg7 38. Qe3 f4 39. Qxf4 Qxf4 40. gxf4 Bxf4 41. Kf3 Bd2 42. c4 Be1 43. c5 Bxh4 44. Ke3 Bg5+ 45. Kd3 Bf4 46. Bf3 Kf6 47. Bxc6 g5 48. Ke4 Bg3 49. Be8 h4 50. Bd7 Bf2 51. Bg4 Bg1 52. Kd5 Ke7 53. Kc4 Bf2 54. d5 Bg3 55. Kb5 Bf4 56. Kc6 Be3 57. d6+ Kd8 58. Kd5 Bd2 59. c6 Ba5 60. Kc5 Bb6+ 61. Kb5 1-0


[Site "Internet"]

[Event "Chessable Masters - Torneo preliminare"]
[White "Volkov, Sergey"]
[Black "Guseinov, Gadir"]
[WhiteFideId "4122763"]
[BlackFideId "13401378"]
[WhiteElo "2496"]
[BlackElo "2632"]
[Result "1-0"]
[Round "5"]
[TimeControl "600+2"]
[Date "2023.03.13"]
[WhiteClock "0:02:34"]
[BlackClock "0:00:36"]

1. d4 Nf6 2. c4 g6 3. Nc3 Bg7 4. e4 d6 5. h3 Nbd7 6. Nf3 e5 7. d5 Nc5 8. Nd2 a5 9. Be2 h5 10. b3 Bh6 11. Qc2 h4 12. O-O Kf8 13. Rb1 c6 14. dxc6 bxc6 15. Rd1 Ne6 16. Nf3 Bxc1 17. Qxc1 Qe7 18. Qd2 Ne8 19. a3 Nf4 20. Bf1 Qf6 21. Qe3 Kg7 22. c5 Rh5 23. cxd6 Nxd6 24. Rd2 Nb7 25. Rbd1 Qe7 26. Na4 Be6 27. Nb6 Rb8 28. Nd7 Bxd7 29. Rxd7 Qf6 30. Bc4 Nd8 31. Qa7 Rc8 32. Ba6 Rg5 33. Bxc8 Nxg2 34. Nxg5 Qxg5 35. Kf1 Nf4 36. Rxd8 Qg2+ 37. Ke1 Qf3 38. Bg4 Qxe4+ 39. Kd2 1-0


[Site "Internet"]

[Event "Chessable Masters - Torneo preliminare"]
[White "Rasulov, Vugar"]
[Black "Hambleton, Aman"]
[WhiteFideId "13402390"]
[BlackFideId "2606577"]
[WhiteElo "2415"]
[BlackElo "2447"]
[Result "1-0"]
[Round "5"]
[TimeControl "600+2"]
[Date "2023.03.13"]
[WhiteClock "0:06:47"]
[BlackClock "0:00:07"]

1. d4 Nf6 2. c4 e6 3. Nf3 b6 4. g3 Ba6 5. Qc2 Bb7 6. Bg2 Bb4+ 7. Bd2 Qe7 8. O-O Bxd2 9. Qxd2 d6 10. Qc2 O-O 11. Nc3 Nbd7 12. e4 e5 13. Rfe1 Rfe8 14. b3 Nf8 15. h4 c6 16. a4 a5 17. Rad1 Rad8 18. Qb2 Bc8 19. Qa3 Qc7 20. d5 c5 21. Nd2 h6 22. Nf1 g5 23. hxg5 hxg5 24. Qc1 N8h7 25. Ne3 Kg7 26. f3 Rh8 27. Kf2 Ng8 28. Rh1 Ne7 29. Rh5 f6 30. Rdh1 Rdg8 31. Nb5 Qd8 32. Bh3 Bxh3 33. R1xh3 Nf8 34. Qh1 Rxh5 35. Rxh5 Kf7 36. Qh3 Kg7 37. Ke2 Kf7 38. Ng4 Kg7 39. Rh6 Nfg6 40. Rh7+ Kf8 41. Qh6+ 1-0


[Site "Internet"]

[Event "Chessable Masters - Torneo preliminare"]
[White "Vetoshko, Volodymyr"]
[Black "Sattarov, Bobir"]
[WhiteFideId "14122480"]
[BlackFideId "14203081"]
[WhiteElo "2457"]
[BlackElo "2333"]
[Result "1-0"]
[Round "5"]
[TimeControl "600+2"]
[Date "2023.03.13"]
[WhiteClock "0:00:07"]
[BlackClock "0:00:36"]

1. e4 e5 2. Nf3 Nc6 3. Nc3 Nf6 4. d4 exd4 5. Nxd4 d6 6. Bb5 Bd7 7. Bxc6 Bxc6 8. Nxc6 bxc6 9. Qf3 Nd7 10. Qg3 g6 11. O-O Bg7 12. Bd2 O-O 13. Rae1 Qb8 14. b3 Qb6 15. Kh1 Rae8 16. Qh3 Qd4 17. Nb1 Nf6 18. Bc3 Qc5 19. Qf3 Re6 20. Nd2 Rfe8 21. b4 Qb5 22. Bxf6 Bxf6 23. Qb3 d5 24. f3 Bg5 25. c4 Qb7 26. f4 Bh4 27. g3 Bf6 28. e5 Be7 29. c5 Rb8 30. Rb1 f6 31. Nf3 fxe5 32. Nxe5 Bf6 33. Nd7 Rd8 34. Nxf6+ Rxf6 35. Rbe1 Rf7 36. Qc3 Qb5 37. a3 d4 38. Qb3 d3 39. Re7 Rd5 40. Re8+ Rf8 41. Rxf8+ Kxf8 42. Rd1 d2 43. Qe3 Qc4 44. Kg2 Qc2 45. Qe2 Kf7 46. h4 h5 47. f5 gxf5 48. Qxh5+ Ke7 49. Qe2+ Kd7 50. h5 Qc3 51. h6 Rd3 52. Qf2 Rd5 53. h7 Qg7 54. Rxd2 Qxh7 55. Rxd5+ cxd5 56. Qd4 Qf7 57. c6+ Kxc6 58. Qxa7 Kd7 59. Qa4+ Kd6 60. Qa6+ c6 61. b5 d4 62. Qxc6+ Ke5 63. Qc5+ Ke4 64. Qc6+ Ke3 65. Qf3+ Kd2 66. b6 d3 67. b7 Qb3 68. Qf4+ Ke1 69. b8=Q Qc2+ 70. Kh3 d2 71. Qbe5+ Kd1 72. Qf1# 1-0


[Site "Internet"]

[Event "Chessable Masters - Torneo preliminare"]
[White "Golubev, Mikhail"]
[Black "Weetik, Vjacheslav"]
[WhiteFideId "14100983"]
[BlackFideId "4153472"]
[WhiteElo "2361"]
[BlackElo "2445"]
[Result "0-1"]
[Round "5"]
[TimeControl "600+2"]
[Date "2023.03.13"]
[WhiteClock "0:00:06"]
[BlackClock "0:00:41"]

1. e4 c6 2. d4 d5 3. Nc3 dxe4 4. Nxe4 Bf5 5. Ng3 Bg6 6. c3 e6 7. Nh3 Bd6 8. Nf4 Nf6 9. h4 Bxf4 10. Bxf4 h6 11. h5 Bh7 12. Be2 Nd5 13. Bd2 O-O 14. O-O Nd7 15. c4 N5f6 16. Bf4 Qb6 17. Qd2 Rfe8 18. Qc3 a5 19. b3 c5 20. dxc5 Qxc5 21. Be3 Qc7 22. Rac1 b6 23. a3 Rac8 24. Qb2 e5 25. b4 axb4 26. axb4 Nf8 27. c5 bxc5 28. Rxc5 Qb8 29. Rfc1 Rxc5 30. Rxc5 N8d7 31. Rc1 Nd5 32. Rd1 N7f6 33. Bc5 Nf4 34. Bf1 Qb7 35. Bd6 Ng4 36. b5 Rd8 37. b6 Bd3 0-1


[Site "Internet"]

[Event "Chessable Masters - Torneo preliminare"]
[White "Huschenbeth, Niclas"]
[Black "Vasquez Schroeder, Rodrigo"]
[WhiteFideId "24604747"]
[BlackFideId "3400042"]
[WhiteElo "2566"]
[BlackElo "2589"]
[Result "0-1"]
[Round "5"]
[TimeControl "600+2"]
[Date "2023.03.13"]
[WhiteClock "0:00:04"]
[BlackClock "0:04:39"]

1. e4 c5 2. Nf3 d6 3. d4 cxd4 4. Nxd4 Nf6 5. Nc3 a6 6. Be3 e6 7. a3 b5 8. g4 Bb7 9. Bg2 h6 10. h4 h5 11. gxh5 Rxh5 12. Bf3 Re5 13. Bf4 Qb6 14. Bxe5 dxe5 15. Nb3 Nc6 16. Qd3 Rd8 17. Qe3 Nd4 18. O-O-O a5 19. Ne2 Nxb3+ 20. Qxb3 Rc8 21. Nc3 Bc6 22. Be2 Rb8 23. a4 bxa4 24. Qxb6 Rxb6 25. f3 a3 26. b3 Bc5 27. Bc4 Nh5 28. Ne2 a4 29. Kb1 axb3 30. cxb3 Ke7 31. Ka2 g6 32. Rc1 Bb4 33. Rc2 f5 34. Bd3 Nf6 35. Ng3 Be8 36. Rhc1 Bd6 37. Rc8 Bd7 38. Rh8 Bb4 39. Ra8 Rd6 40. Rd1 f4 41. Nh1 Bb5 42. Ra7+ Nd7 43. Bc2 Be2 44. Rxd6 Kxd6 45. Nf2 Bxf3 46. Bd1 Bxd1 47. Nxd1 Bc5 48. Ra6+ Ke7 49. b4 Bxb4 50. Kb3 Bc5 51. Kc4 f3 52. Kd3 Nf6 53. Rc6 f2 54. Ke2 Nxe4 55. Nxf2 Bxf2 56. Kf3 a2 57. Ra6 Bd4 58. Rxa2 Nd6 59. Kg4 Kf6 60. Ra6 Nf5 61. Ra8 e4 62. Kf4 e3 0-1


[Site "Internet"]

[Event "Chessable Masters - Torneo preliminare"]
[White "Shyam, Sundar M."]
[Black "Girya, Olga"]
[WhiteFideId "5019141"]
[BlackFideId "4195752"]
[WhiteElo "2464"]
[BlackElo "2327"]
[Result "0-1"]
[Round "5"]
[TimeControl "600+2"]
[Date "2023.03.13"]
[WhiteClock "0:00:05"]
[BlackClock "0:00:47"]

1. e4 e5 2. Nf3 Nc6 3. Bb5 a6 4. Ba4 Nf6 5. O-O Nxe4 6. d4 b5 7. Bb3 d5 8. dxe5 Be6 9. Qe2 Nc5 10. Rd1 Nxb3 11. cxb3 Be7 12. Nc3 O-O 13. Be3 Qd7 14. Rd2 Rad8 15. Rad1 Qc8 16. h3 h6 17. a3 d4 18. Nxd4 Nxd4 19. Rxd4 Bxb3 20. Nd5 Rxd5 21. Rxd5 Qe6 22. Qf3 Bxd1 23. Rxd1 Qxe5 24. Bd4 Qe6 25. Qg3 Bf6 26. Bxf6 Qxf6 27. b4 Rd8 28. Rc1 c6 29. Qc7 Rd2 30. Qb6 g6 31. Rf1 Ra2 32. Qxa6 Qc3 33. Rd1 Rxa3 34. Qc8+ Kg7 35. Qd7 Ra1 36. Rxa1 Qxa1+ 37. Kh2 Qe5+ 38. Kg1 Qe1+ 39. Kh2 Qxf2 40. Qxc6 Qf4+ 41. Kh1 Qxb4 42. Qb7 Qb1+ 43. Kh2 Qb2 44. Qe4 b4 45. Qc4 b3 46. Qd5 Qc3 47. Qb5 b2 48. Qb8 h5 49. h4 Qd4 50. g3 Qf2+ 51. Kh3 Qf1+ 52. Kh2 b1=Q 53. Qe5+ Qf6 0-1


[Site "Internet"]

[Event "Chessable Masters - Torneo preliminare"]
[White "Nigmatov, Ortik"]
[Black "Larino Nieto, David"]
[WhiteFideId "14202131"]
[BlackFideId "2256444"]
[WhiteElo "2344"]
[BlackElo "2496"]
[Result "1-0"]
[Round "5"]
[TimeControl "600+2"]
[Date "2023.03.13"]
[WhiteClock "0:02:20"]
[BlackClock "0:01:31"]

1. e4 d5 2. exd5 Qxd5 3. Nc3 Qa5 4. d4 Nf6 5. Nf3 Nc6 6. h3 a6 7. Bd3 Bf5 8. O-O O-O-O 9. Ne5 Bxd3 10. Nxc6 bxc6 11. Qxd3 c5 12. Bf4 cxd4 13. b4 Qb6 14. Rfd1 e6 15. Ne2 Nd5 16. Bg3 Nxb4 17. Qf3 Qc6 18. Qxf7 Bc5 19. Rab1 Nxc2 20. Nf4 Rd7 21. Qh5 d3 22. Nxd3 Rhd8 23. Ne5 Rxd1+ 24. Rxd1 Rxd1+ 25. Qxd1 Qa4 26. Qf3 Kb8 27. Nc6+ Kc8 28. Ne5 Kb8 29. Qc3 Bb6 30. Nc6+ Ka8 31. Qf3 Ne1 32. Qf8+ Kb7 33. Qb8+ 1-0


[Site "Internet"]

[Event "Chessable Masters - Torneo preliminare"]
[White "Iniyan, P"]
[Black "Hong, Andrew"]
[WhiteFideId "25002767"]
[BlackFideId "2099438"]
[WhiteElo "2441"]
[BlackElo "2483"]
[Result "1-0"]
[Round "5"]
[TimeControl "600+2"]
[Date "2023.03.13"]
[WhiteClock "0:03:32"]
[BlackClock "0:03:17"]

1. d4 Nf6 2. c4 e6 3. Nc3 Bb4 4. e3 O-O 5. Bd3 d5 6. cxd5 exd5 7. a3 Bd6 8. Qc2 c6 9. Nge2 Re8 10. Bd2 a5 11. f3 Na6 12. g4 g6 13. h4 c5 14. h5 c4 15. hxg6 cxd3 16. gxf7+ Kxf7 17. Qxd3 Rg8 18. O-O-O Nb4 19. axb4 axb4 20. Nb5 Be6 21. Kb1 Bf8 22. Rc1 Qa5 23. Rc7+ Ke8 24. Rxb7 Rg7 25. Rxg7 Bxg7 26. Rc1 Bf7 27. Nd6+ Kf8 28. Nxf7 Qa4 29. Nd6 b3 30. Rc8+ Rxc8 31. Nxc8 Qa2+ 32. Kc1 Qa1+ 33. Qb1 Qa6 34. Bb4+ Kg8 35. Ne7+ Kf7 36. Kd2 Qc4 37. Ba3 Bf8 38. g5 Bxe7 39. Bxe7 Kxe7 40. gxf6+ Kxf6 41. Qxh7 Ke6 42. Qd3 Qb4+ 43. Nc3 Kf7 44. Qf5+ Ke7 45. Qe5+ Kf7 46. Qxd5+ Kg7 47. Qc5 Qb7 48. e4 Qf7 49. Qg5+ Kh8 50. Qe5+ Kg8 51. Ke3 Kh7 52. Nd5 Kg8 53. Nf6+ Kg7 54. Qg5+ Kf8 55. Qg8+ Ke7 56. Qxf7+ Kd6 57. Qd7# 1-0


[Site "Internet"]

[Event "Chessable Masters - Torneo preliminare"]
[White "Rustemov, Alexander"]
[Black "Mekhitarian, Krikor Sevag"]
[WhiteFideId "4119002"]
[BlackFideId "2107660"]
[WhiteElo "2494"]
[BlackElo "2594"]
[Result "1/2-1/2"]
[Round "5"]
[TimeControl "600+2"]
[Date "2023.03.13"]
[WhiteClock "0:00:30"]
[BlackClock "0:00:24"]

1. d4 Nf6 2. c4 e6 3. Nf3 d5 4. Nc3 Bb4 5. Bg5 h6 6. Bxf6 Qxf6 7. e3 O-O 8. Qb3 c5 9. cxd5 exd5 10. dxc5 Bxc3+ 11. Qxc3 Qxc3+ 12. bxc3 Nd7 13. Rd1 Nxc5 14. Rxd5 b6 15. c4 Be6 16. Rd4 Rac8 17. Be2 Na4 18. Kd2 Rc5 19. Rb1 Rfc8 20. Rb5 Rxb5 21. cxb5 Nc3 22. Bd3 Nxa2 23. Ra4 Rc7 24. Nd4 Nc3 25. Ra3 Nd5 26. Nc6 a5 27. bxa6 Rxc6 28. a7 Nc7 29. Be4 Rc5 30. a8=Q+ Nxa8 31. Rxa8+ Rc8 32. Ra7 b5 33. Rb7 Rd8+ 34. Kc3 Bd5 35. Bxd5 Rxd5 36. e4 Rc5+ 37. Kd3 g5 38. f3 Kg7 39. g3 Kg6 40. f4 gxf4 41. gxf4 Rh5 42. Rb6+ Kg7 43. e5 Rxh2 44. Rxb5 Rf2 45. Ke3 Rf1 46. Ke4 h5 47. Kf5 h4 48. Rb3 Ra1 49. Rh3 Ra5 50. Kg4 f6 51. e6 Kg6 52. Re3 f5+ 53. Kxh4 Ra8 54. e7 Re8 55. Ra3 Rxe7 56. Ra6+ Kf7 57. Kg5 Rb7 58. Kxf5 Rb5+ 1/2-1/2


[Site "Internet"]

[Event "Chessable Masters - Torneo preliminare"]
[White "Raja, Rithvik R"]
[Black "Kaufman, Lawrence"]
[WhiteFideId "35007394"]
[BlackFideId "2000555"]
[WhiteElo "2387"]
[BlackElo "2223"]
[Result "1-0"]
[Round "5"]
[TimeControl "600+2"]
[Date "2023.03.13"]
[WhiteClock "0:00:33"]
[BlackClock "0:00:04"]

1. c4 e5 2. g3 Nf6 3. Bg2 c6 4. d4 d6 5. Nc3 Be7 6. d5 O-O 7. Nf3 cxd5 8. cxd5 Nbd7 9. O-O a5 10. Nd2 Nc5 11. Nc4 Re8 12. Be3 b6 13. Nxe5 dxe5 14. d6 Bb7 15. Bxc5 Bxg2 16. dxe7 Qc8 17. Bd6 Qh3 18. f3 Bxf1 19. Qxf1 Qxf1+ 20. Kxf1 Rac8 21. Rd1 e4 22. fxe4 Ng4 23. Kg1 f6 24. Nb5 Ne3 25. Rd4 Nc4 26. Kf2 Rc6 27. Bf4 Rxe7 28. b3 Ne5 29. Rd8+ Kf7 30. Nd6+ Ke6 31. Nf5 Rd7 32. Nd4+ Rxd4 33. Rxd4 Rc2 34. Bxe5 fxe5 35. Rd5 Rxa2 36. Rb5 Rb2 37. Rxb6+ Kf7 38. Rb7+ Kf6 39. Rb5 Ke6 40. Ke3 Kf6 41. h4 h5 42. Kd3 g6 43. e3 Ke6 44. Rb6+ Kf7 45. Rb5 Ke6 46. Rb6+ Kf7 47. Kc4 Re2 48. Kd5 Rxe3 49. Kxe5 Rxg3 50. Rb7+ Kg8 51. Kf6 Rg4 52. e5 Rxh4 53. Rb8+ 1-0


[Site "Internet"]

[Event "Chessable Masters - Torneo preliminare"]
[White "Cuenca Jimenez, Jose Fernando"]
[Black "Jonkman, Harmen"]
[WhiteFideId "2255570"]
[BlackFideId "1002708"]
[WhiteElo "2455"]
[BlackElo "2351"]
[Result "1-0"]
[Round "5"]
[TimeControl "600+2"]
[Date "2023.03.13"]
[WhiteClock "0:01:46"]
[BlackClock "0:04:19"]

1. d4 Nf6 2. c4 e6 3. Nf3 Bb4+ 4. Bd2 a5 5. a3 Bxd2+ 6. Qxd2 b6 7. Nc3 Bb7 8. Qf4 d6 9. e4 Nbd7 10. O-O-O Qe7 11. e5 Nh5 12. Qe3 g6 13. Bd3 dxe5 14. dxe5 O-O-O 15. g4 Ng7 16. Be4 Nc5 17. Bxb7+ Kxb7 18. Kc2 Rxd1 19. Rxd1 h5 20. b4 axb4 21. axb4 Na6 22. Qe4+ c6 23. b5 Nb4+ 24. Kb3 hxg4 25. Nd4 Rc8 26. Ra1 Nf5 27. bxc6+ Nxc6 28. Nxc6 Rxc6 29. Nb5 Qc5 30. Ra7+ Kb8 31. Rxf7 Ne7 32. Rxe7 1-0


[Site "Internet"]

[Event "Chessable Masters - Torneo preliminare"]
[White "Abdusattorov, Nodirbek"]
[Black "Fedoseev, Vladimir"]
[WhiteFideId "14204118"]
[BlackFideId "24130737"]
[WhiteElo "2714"]
[BlackElo "2752"]
[Result "0-1"]
[Round "6"]
[TimeControl "600+2"]
[Date "2023.03.13"]
[WhiteClock "0:00:07"]
[BlackClock "0:00:13"]

1. e4 c6 2. d4 d5 3. e5 Bf5 4. Nd2 e6 5. Nb3 Nd7 6. Nf3 Qc7 7. c3 f6 8. Bf4 O-O-O 9. Bg3 fxe5 10. dxe5 c5 11. Be2 h6 12. O-O Ne7 13. Re1 g5 14. c4 Nb6 15. Nbd2 Bg7 16. Qb3 Kb8 17. cxd5 Nexd5 18. Rac1 Nb4 19. Nc4 Nxc4 20. Qxc4 Rd5 21. Red1 Rhd8 22. Rxd5 Rxd5 23. h3 a6 24. a3 Nd3 25. Bxd3 Rxd3 26. b4 b5 27. Qa2 c4 28. a4 Bf8 29. axb5 axb5 30. Kh2 Qa7 31. Qe2 Qa3 32. Qf1 Bxb4 33. Ra1 Qb3 34. Rb1 Qa4 35. Ra1 Ba3 36. Qe2 b4 37. Ne1 Rd4 38. f3 c3 39. Qe3 Qd7 40. Bf2 Rd2 41. Qc5 Rd5 42. Qc4 Qb5 43. Qb3 Kc8 44. Rxa3 bxa3 45. Qxc3+ Kd7 46. Qxa3 Ke8 47. Qa8+ Rd8 48. Qa7 Qxe5+ 49. Bg3 Qf6 50. Qc7 Rd7 51. Qc6 Qd4 52. Qc8+ Rd8 53. Qc7 Rd7 54. Qb8+ Kf7 55. Be5 Rd8 56. Qc7+ Qd7 57. Qa5 Qd5 58. Qc7+ Rd7 59. Qb8 Qc5 60. Bg3 Qf8 61. Qe5 Rd5 62. Qc7+ Qe7 63. Qc3 h5 64. Qh8 h4 65. Bf2 Qf6 66. Qc8 Qe5+ 67. Kg1 Rd1 68. Qb7+ Kg6 69. Qb4 Qe2 70. Qc3 Bd3 71. Qc8 Rxe1+ 72. Bxe1 Qxe1+ 73. Kh2 Qe5+ 74. Kg1 Qf6 75. Qg8+ Kh6 76. Qb8 Bg6 77. Qc8 Bf5 78. Qg8 Qd4+ 79. Kh2 Qg7 80. Qb8 Kg6 81. Kg1 Qf7 82. Qd8 e5 83. Kh1 Qe6 84. Kh2 e4 85. fxe4 Bxe4 86. Qb8 Kf5 87. Qf8+ Kg6 88. Qb8 Bd5 89. Qd8 Qe4 90. Qd6+ Kh5 0-1


[Site "Internet"]

[Event "Chessable Masters - Torneo preliminare"]
[White "Alonso Rosell, Alvar"]
[Black "Le, Quang Liem"]
[WhiteFideId "2270544"]
[BlackFideId "12401137"]
[WhiteElo "2473"]
[BlackElo "2661"]
[Result "0-1"]
[Round "6"]
[TimeControl "600+2"]
[Date "2023.03.13"]
[WhiteClock "0:00:03"]
[BlackClock "0:02:28"]

1. d4 Nf6 2. c4 e6 3. Nf3 d5 4. g3 Bb4+ 5. Bd2 a5 6. Qc2 O-O 7. Bg2 Be7 8. O-O Nbd7 9. Bf4 c6 10. Nbd2 Nh5 11. Be5 f6 12. Bf4 g5 13. Be3 Ng7 14. Nb1 b5 15. cxd5 cxd5 16. Rc1 Ba6 17. Nc3 Rc8 18. Qd3 Qb6 19. a4 bxa4 20. Qd2 Bb4 21. h4 g4 22. Nh2 h5 23. Bh6 Qd6 24. Rxa4 Nb6 25. Ra2 Rf7 26. Bxg7 Kxg7 27. Nf1 Nc4 28. Qd1 Nxb2 29. Rxb2 Bxc3 30. Rbc2 Rfc7 31. e4 dxe4 32. Bxe4 Bb5 33. Ne3 Ba4 34. d5 Bxc2 35. Bxc2 Be5 36. Qd3 f5 37. Nxf5+ exf5 38. Qxf5 Kg8 39. Re1 Bd4 40. Kh1 Rxc2 41. Re6 Qf8 42. Qg5+ Bg7 0-1


[Site "Internet"]

[Event "Chessable Masters - Torneo preliminare"]
[White "Artemiev, Vladislav"]
[Black "Vachier-Lagrave, Maxime"]
[WhiteFideId "24101605"]
[BlackFideId "623539"]
[WhiteElo "2735"]
[BlackElo "2762"]
[Result "1/2-1/2"]
[Round "6"]
[TimeControl "600+2"]
[Date "2023.03.13"]
[WhiteClock "0:00:21"]
[BlackClock "0:00:55"]

1. Nf3 d5 2. d4 Nf6 3. c4 dxc4 4. e3 e6 5. Bxc4 a6 6. O-O c5 7. Be2 cxd4 8. Nxd4 Be7 9. b3 O-O 10. Bb2 b5 11. Nd2 Bb7 12. Bf3 Nd5 13. a4 bxa4 14. Rxa4 Nd7 15. Nc4 Nc5 16. Ra1 a5 17. Ba3 Qc7 18. Qd2 Rfd8 19. Rfc1 Nb4 20. Bxb7 Nxb7 21. f4 Nc5 22. Bxb4 axb4 23. Rxa8 Rxa8 24. Qxb4 Nd3 25. Qb6 Qxb6 26. Nxb6 Nxc1 27. Nxa8 Bc5 28. Nc7 Bxd4 29. exd4 Nxb3 30. d5 exd5 31. Nxd5 Nd4 1/2-1/2


[Site "Internet"]